 Dungeon Crawl Stone Soup version 0.29-a0-410-g9596d59a08 (webtiles) character file.

Game seed: 8928102105600687055

11495 Bruhh the Martial Artist (level 11, -2/84 HPs)
             Began as a Gnoll Transmuter on May 14, 2022.
             Was a Believer of Ashenzari.
             Succumbed to a black mamba's poison
             ... on level 1 of the Lair of Beasts.
             The game lasted 00:26:58 (13386 turns).

Bruhh the Martial Artist (Gnoll Transmuter)        Turns: 13386, Time: 00:26:58

Health: -2/84      AC:  2    Str: 21    XL:     11   Next: 78%
Magic:  23/23      EV: 27    Int: 16    God:    Ashenzari [**....]
Gold:   521        SH:  0    Dex: 19    Spells: 9/26 levels left

rFire   . . .      SeeInvis +     - Unarmed
rCold   . . .      Faith    .   (shield currently unavailable)
rNeg    . . .      Spirit   .   (body armour currently unavailable)
rPois   x          Reflect  .   (helmet currently unavailable)
rElec   .          Harm     .   (cloak currently unavailable)
rCorr   .          Rampage  .   (gloves currently unavailable)
Will    .....                   (boots currently unavailable)
Stlth   ++........              l - amulet of regeneration
HPRegen 1.04/turn               b - ring of the Distant Affliction {Str+6, Cun, Fort} (curse)
MPRegen 0.18/turn               q - ring "Oracular Fetters" {Str+6, Bglg, Fort} (curse)

@: confused, lethally poisoned (-2 -> -44), spider-form, ambrosia-drunk
A: venomous fangs, tiny, (fangs 1), strong nose, distributed training
a: End Transformation, Renounce Religion, Shatter the Chains


You were on level 1 of the Lair of Beasts.
You worshipped Ashenzari.
Ashenzari was pleased with you.
You were a venomous arachnid creature.
You visited 3 branches of the dungeon, and saw 12 of its levels.
You also visited: Sewer.

You collected 521 gold pieces.

Inventory:

Missiles
 t - 38 poisoned darts
Armour
 a - the cursed +0 robe "Behold Eternity" (melded) {Melee, Evo}

   It has a curse which improves the following skills: Melee Combat: Short
   Blades, Long Blades, Axes, Maces & Flails, Polearms, Staves and Unarmed
   Combat.
   Evocations: Evocations.
 k - the cursed +0 pair of boots of Ashenzari's Malaise (melded) {Elem, Self}
   (You found it on level 1 of the Dungeon)

   It has a curse which improves the following skills: Elements: Fire Magic, Ice
   Magic, Air Magic and Earth Magic.
   Introspection: Fighting and Spellcasting.
 n - a +0 cloak
 s - a +2 cloak
 y - the +7 Kryia's mail coat {PotionHeal*2 rC+}
   (You found it on level 10 of the Dungeon)

   Potions are twice as effective at healing its wearer.
   rC:        It protects you from cold.
Jewellery
 b - the cursed ring of the Distant Affliction (left front leg) {Str+6, Cun, Fort}
   (You found it on level 2 of the Dungeon)

   [ring of strength]

   Str:       It affects your strength (+6).
   It has a curse which improves the following skills: Cunning: Dodging and
   Stealth.
   Fortitude: Armour and Shields.
 l - an amulet of regeneration (around neck)
 q - the cursed ring "Oracular Fetters" (right front leg) {Str+6, Bglg, Fort}
   (You found it on level 8 of the Dungeon)

   [ring of strength]

   Str:       It affects your strength (+6).
   It has a curse which improves the following skills: Beguiling: Conjurations,
   Hexes and Translocations.
   Fortitude: Armour and Shields.
 x - an amulet of the acrobat
 A - a +6 ring of intelligence
 B - a ring of willpower
Wands
 m - a wand of polymorph (1)
 w - a wand of iceblast (2)
Scrolls
 e - 3 scrolls of noise
 h - 2 scrolls of magic mapping
 i - a scroll of vulnerability
 j - 2 scrolls of amnesia
 r - a scroll of blinking
 u - 4 scrolls of enchant armour
 v - 3 scrolls of teleportation
Potions
 c - a potion of cancellation
 f - 2 potions of haste
 g - 2 potions of attraction
 o - a potion of might
 p - 3 potions of brilliance
 z - a potion of resistance


   Skills:
 + Level 7.1 Fighting
 + Level 6.6 Short Blades
 + Level 6.6 Long Blades
 + Level 6.6 Axes
 + Level 6.6 Maces & Flails
 + Level 6.6 Polearms
 + Level 6.6 Staves
 + Level 6.6 Slings
 + Level 6.6 Bows
 + Level 6.6 Crossbows
 + Level 6.6 Throwing
 + Level 6.6(8.5) Armour
 + Level 8.1(9.4) Dodging
 + Level 6.6(7.9) Stealth
 + Level 6.6(8.5) Shields
 + Level 9.4 Unarmed Combat
 + Level 8.4 Spellcasting
 + Level 5.5(6.7) Conjurations
 + Level 5.5(6.7) Hexes
 + Level 5.5 Summonings
 + Level 5.5 Necromancy
 + Level 5.5(6.7) Translocations
 + Level 6.7 Transmutations
 + Level 5.5 Fire Magic
 + Level 5.5 Ice Magic
 + Level 5.5 Air Magic
 + Level 5.5 Earth Magic
 + Level 5.5 Poison Magic
 + Level 7.2 Invocations
 + Level 6.6 Evocations


You had 9 spell levels left.
You knew the following spells:

 Your Spells              Type           Power      Damage    Failure   Level
a - Beastly Appendage     Tmut           56%        N/A       4%          1
b - Wereblood             Tmut           28%        N/A       5%          2
c - Spider Form           Tmut/Pois      26%        N/A       10%         3
d - Ice Form              Ice/Tmut       26%        N/A       22%         4
e - Stone Arrow           Conj/Erth      52%        3d10      10%         3
f - Olgreb's Toxic Radia  Pois           24%        N/A       26%         4

Your spell library contained the following spells:

 Spells                   Type           Power      Damage    Failure   Level
 Slow                     Hex            100%       N/A       4%          1
 Sandblast                Erth           48%        2d12      5%          1
 Passwall                 Tmut/Erth      21%        N/A       6%          2
 Scorch                   Fire           48%        2d7       7%          2
 Confusing Touch          Hex            28%        N/A       8%          3
 Vampiric Draining        Necr           24%        2d7       11%         3
 Flame Wave               Conj/Fire      26%        2d7       22%         4
 Conjure Ball Lightning   Conj/Air       13%        3x3d6     92%         6
 Summon Cactus Giant      Summ           12%        N/A       95%         6
 Ozocubu's Refrigeration  Ice            12%        4d7       100%        7
 Discord                  Hex            14%        N/A       100%        8
 Disjunction              Tloc           14%        N/A       100%        8
 Ignition                 Fire           12%        3d6       100%        8


Dungeon Overview and Level Annotations

Branches:
Dungeon (10/15)            Temple (1/1) D:7            Lair (1/6) D:9
  Sewer (visited)
    Orc: D:9-12

Altars:
Ashenzari
Cheibriados
Fedhas
Gozag
Hepliaklqana
Kikubaaqudgha
Makhleb
Okawaru
Trog
Uskayaw
Vehumet
Wu Jian
Yredelemnul
Zin
The Shining One

Shops:
D:5 :   D:7 *   D:8 !

Annotations:
D:8 Joseph


Innate Abilities, Weirdness & Mutations

You are a venomous arachnid creature.
You have poisonous fangs.
You are tiny and dextrous.
Your spellcasting is less reliable in this form.
Your armour is entirely melded.
You are incapable of wielding weapons or throwing items.
((You have very sharp teeth.))
Your uncanny sense of smell can sniff out nearby items.
Your experience applies equally to all skills.


Message History

You closely miss the black mamba.
The black mamba is severely wounded.
The black mamba barely misses you.
You closely miss the black mamba.
The black mamba is severely wounded.
The black mamba bites you!
You are poisoned.
The black mamba poisons you! The black mamba closely misses you.
You hit the black mamba.
The black mamba is almost dead.
You feel very sick. The black mamba bites you!!
You are more poisoned.
The black mamba poisons you!
You barely miss the black mamba.
The black mamba is almost dead.
You feel extremely sick.
The black mamba completely misses you. x2
You closely miss the black mamba.
The black mamba is almost dead.
You feel extremely sick. The black mamba bites you!
* * * LOW HITPOINT WARNING * * *
You are too injured to fight recklessly!
You are too injured to fight recklessly!
You are confused.
You feel invigorated.
* * * LOW HITPOINT WARNING * * *
You feel extremely sick.
The black mamba completely misses you. x2
Unknown command.
* * * LOW HITPOINT WARNING * * *
You feel extremely sick. The black mamba bites you!
* * * LOW HITPOINT WARNING * * *
You are more poisoned.
The black mamba poisons you!
You hit the black mamba but do no damage.
The black mamba is severely wounded.
You die...

.......## ##...........
....#...###..##....F.... ,
, ...##..#.....#..........
,
...##..#.....#...........
,
.........................
,
..................#......
,
.#.......................
,
##.............).P##.....
,
................s##......
, , *
.................S...# ,
.......^.............# ,
.........................
,
.........................
,
.........................
.........................,
......................, ,,
......................


You could see a black mamba and a bullfrog (asleep).

Vanquished Creatures
  A hydra (Lair:1)
  A two-headed ogre (D:9)
  Psyche (D:10)
  An unseen horror (D:7)
  4 komodo dragons
  A troll (D:7)
  Grinder (D:5)
  3 blink frogs (Lair:1)
  A wraith (D:10)
  Sigmund (D:3)
  18 yaks
  Grum (D:8)
  A wyvern (Lair:1)
  A steam dragon (D:7)
  An acid dragon (D:8)
  5 water moccasins
  Duvessa (D:5)
  3 sky beasts
  An orc warrior (D:8)
  3 black bears
  An ice beast (D:6)
  6 wolves
  2 centaurs
  An ogre (D:6)
  2 phantoms
  6 bullfrogs
  2 kobold brigands
  A gnoll sergeant (D:9)
  2 necrophages
  3 scorpions
  Dowan (D:5)
  5 wights (D:9)
  5 howler monkeys
  A hound (D:5)
  3 jellies
  2 orc priests
  Crazy Yiuf (D:2)
  6 orc wizards
  3 iguanas
  Natasha (thrice) (D:2)
  5 gnolls
  7 adders
  2 shadow imps (D:6)
  2 white imps
  2 ufetubi (D:6)
  4 worms
  A dart slug (D:2)
  23 orcs
  18 endoplasms
  4 giant cockroaches (Sewer)
  4 goblins
  8 hobgoblins
  4 jackals (D:2)
  18 kobolds
  7 quokkas
  16 ball pythons
  5 bats
  10 frilled lizards
  9 rats
255 creatures vanquished.

Vanquished Creatures (others)
  26 fungi (D:9)
  39 plants (D:9)
65 creatures vanquished.

Grand Total: 320 creatures vanquished

Notes
Turn   | Place    | Note
-------+----------+-------------------------------------------
     0 | D:1      | Bruhh the Gnoll Transmuter began the quest for the Orb.
     0 | D:1      | Reached XP level 1. HP: 17/17 MP: 6/6
   358 | D:1      | Reached XP level 2. HP: 23/23 MP: 5/7
   702 | D:1      | Found a faded altar of an unknown god.
  1443 | D:2      | Reached XP level 3. HP: 28/28 MP: 7/9
  1522 | D:2      | Reached skill level 5 in Spellcasting
  1834 | D:2      | Found a runed translucent door.
  1835 | D:2      | Noticed Crazy Yiuf
  1891 | D:2      | Reached skill level 1 in Invocations
  1895 | D:2      | Reached skill level 1 in Short Blades
  1895 | D:2      | Reached skill level 1 in Long Blades
  1895 | D:2      | Reached skill level 1 in Axes
  1895 | D:2      | Reached skill level 1 in Maces & Flails
  1895 | D:2      | Reached skill level 1 in Polearms
  1895 | D:2      | Reached skill level 1 in Staves
  1895 | D:2      | Reached skill level 1 in Slings
  1895 | D:2      | Reached skill level 1 in Bows
  1895 | D:2      | Reached skill level 1 in Crossbows
  1895 | D:2      | Reached skill level 1 in Throwing
  1895 | D:2      | Reached skill level 1 in Armour
  1895 | D:2      | Reached skill level 1 in Stealth
  1895 | D:2      | Reached skill level 1 in Shields
  1895 | D:2      | Reached skill level 1 in Evocations
  1983 | D:2      | Noticed Natasha
  1988 | D:2      | Killed Natasha
  1989 | D:2      | Reached XP level 4. HP: 34/34 MP: 9/11
  1999 | D:2      | Noticed Natasha
  2005 | D:2      | Killed Natasha
  2006 | D:2      | Reached skill level 1 in Conjurations
  2006 | D:2      | Reached skill level 1 in Hexes
  2006 | D:2      | Reached skill level 1 in Summonings
  2006 | D:2      | Reached skill level 1 in Necromancy
  2006 | D:2      | Reached skill level 1 in Translocations
  2006 | D:2      | Reached skill level 1 in Fire Magic
  2006 | D:2      | Reached skill level 1 in Ice Magic
  2006 | D:2      | Reached skill level 1 in Air Magic
  2006 | D:2      | Reached skill level 1 in Earth Magic
  2006 | D:2      | Reached skill level 1 in Poison Magic
  2009 | D:2      | Learned a level 2 spell: Wereblood
  2013 | D:2      | Learned a level 3 spell: Spider Form
  2125 | D:2      | Noticed Natasha
  2140 | D:2      | Killed Natasha
  2141 | D:2      | Reached XP level 5. HP: 15/40 MP: 8/12
  2503 | D:2      | Killed Crazy Yiuf
  2817 | D:3      | Noticed Sigmund
  2831 | D:3      | Killed Sigmund
  2832 | D:3      | Reached skill level 5 in Dodging
  2832 | D:3      | Reached XP level 6. HP: 18/47 MP: 11/14
  3189 | D:3      | Found a bloodstained altar of Trog.
  3362 | D:3      | Noticed a cacodemon
  3364 | D:3      | Found a burning altar of Makhleb.
  3369 | D:3      | Found a glowing silver altar of Zin.
  3369 | D:3      | Noticed an angel
  4124 | D:4      | Reached XP level 7. HP: 38/52 MP: 15/15
  4369 | D:4      | Reached skill level 7 in Unarmed Combat
  4566 | D:4      | Found a glowing drain.
  4600 | Sewer    | Entered a sewer
  5033 | Sewer    | Reached XP level 8. HP: 45/60 MP: 16/16
  5761 | D:5      | Entered Level 5 of the Dungeon
  5761 | D:5      | Noticed Dowan
  5761 | D:5      | Noticed Grinder
  5761 | D:5      | Found Kerij's Book Boutique.
  5762 | D:5      | Noticed Duvessa
  5835 | D:5      | Killed Duvessa
  5846 | D:5      | Killed Dowan
  5868 | D:5      | Paralysed by Grinder for 4 turns
  5874 | D:5      | Killed Grinder
  6967 | D:6      | HP: 1/61 [ice beast (13)]
  6971 | D:6      | Reached skill level 5 in Transmutations
  6971 | D:6      | Reached XP level 9. HP: 1/66 MP: 11/18
  8177 | D:6      | Found a hazy altar of Hepliaklqana.
  8267 | D:7      | Found a staircase to the Ecumenical Temple.
  8408 | D:7      | Killed an unseen horror
  8409 | D:7      | Reached skill level 5 in Fighting
  8436 | Temple   | Entered the Ecumenical Temple
  8499 | Temple   | Became a worshipper of Ashenzari the Shackled
  8565 | D:7      | Reached skill level 8 in Unarmed Combat
  8733 | D:7      | Noticed a troll
  8740 | D:7      | Killed a troll
  8741 | D:7      | Reached skill level 5 in Invocations
  8842 | D:7      | Reached XP level 10. HP: 72/74 MP: 17/20
  8853 | D:7      | Reached skill level 5 in Short Blades
  8853 | D:7      | Reached skill level 5 in Long Blades
  8853 | D:7      | Reached skill level 5 in Axes
  8853 | D:7      | Reached skill level 5 in Maces & Flails
  8853 | D:7      | Reached skill level 5 in Polearms
  8853 | D:7      | Reached skill level 5 in Staves
  8853 | D:7      | Reached skill level 5 in Slings
  8853 | D:7      | Reached skill level 5 in Bows
  8853 | D:7      | Reached skill level 5 in Crossbows
  8853 | D:7      | Reached skill level 5 in Throwing
  8853 | D:7      | Reached skill level 5 in Armour
  8853 | D:7      | Reached skill level 5 in Stealth
  8853 | D:7      | Reached skill level 5 in Shields
  8853 | D:7      | Reached skill level 5 in Evocations
  8958 | D:7      | Learned a level 4 spell: Ice Form
  9070 | D:7      | Found Ewnua's Neck Hole.
  9850 | D:8      | Found an ornate altar of the Wu Jian Council.
  9876 | D:8      | Noticed Grum
 10024 | D:8      | Killed Grum
 10462 | D:8      | Found Doalu's Distillery.
 10530 | D:8      | Noticed Joseph
 10685 | D:7      | Reached * piety under Ashenzari
 10829 | D:9      | Noticed a two-headed ogre
 10838 | D:9      | Killed a two-headed ogre
 10986 | D:9      | Reached ** piety under Ashenzari
 11146 | D:9      | Identified the cursed +0 pair of boots of Ashenzari's
                  | Malaise {Elem, Self} (You found it on level 1 of the
                  | Dungeon)
 11173 | D:10     | Entered Level 10 of the Dungeon
 11173 | D:10     | Found the +7 Kryia's mail coat {PotionHeal*2 rC+}
 11186 | D:10     | Reached XP level 11. HP: 57/83 MP: 20/22
 11321 | D:9      | Reached skill level 9 in Unarmed Combat
 11326 | D:9      | Reached skill level 5 in Conjurations
 11326 | D:9      | Reached skill level 5 in Hexes
 11326 | D:9      | Reached skill level 5 in Summonings
 11326 | D:9      | Reached skill level 5 in Necromancy
 11326 | D:9      | Reached skill level 5 in Translocations
 11326 | D:9      | Reached skill level 5 in Fire Magic
 11326 | D:9      | Reached skill level 5 in Ice Magic
 11326 | D:9      | Reached skill level 5 in Air Magic
 11326 | D:9      | Reached skill level 5 in Earth Magic
 11326 | D:9      | Reached skill level 5 in Poison Magic
 11440 | D:9      | Learned a level 3 spell: Stone Arrow
 11441 | D:9      | Found a staircase to the Lair.
 12380 | D:10     | Noticed Psyche
 12399 | D:10     | Killed Psyche
 12566 | Lair:1   | Entered Level 1 of the Lair of Beasts
 12820 | Lair:1   | Noticed a six-headed hydra
 12828 | Lair:1   | Killed a six-headed hydra
 12844 | Lair:1   | Identified the cursed +0 robe "Behold Eternity" {Melee,
                  | Evo}
 12950 | Lair:1   | Learned a level 4 spell: Olgreb's Toxic Radiance
 13385 | Lair:1   | HP: 2/84 [black mamba (9)]
 13386 | Lair:1   | Succumbed to a black mamba's poison

Illustrated notes

Levels and vault maps discovered:
D:1:      minmay_arrival_hallway, layout_basic, basic_ecumenical_altar
D:2:      layout_basic, chequers_serial_rivers_large_a, uniq_natasha,
          uniq_crazy_yiuf_cottage
D:3:      layout_basic, mainiacjoe_overflow_chevrons,
          grunt_temple_overflow_order_and_chaos_2, grunt_ministairs_15,
          uniq_sigmund
D:4:      layout_basic, cheibrodos_sewer_entry_bend
D:5:      layout_loops_ring, serial_shops, nicolae_stop_n_shop_2, uniq_duvessa,
          uniq_grinder
D:6:      layout_loops_ring, worldfamousw_hep_ancestral_shrine, st_stairs_6
D:7:      layout_basic, minmay_temple_entry_large_hall,
          nicolae_shop_sticking_my_neck_out
D:8:      layout_layer_cave, nicolae_overflow_crystal_walls, serial_shops,
          nicolae_stop_n_shop_1, wad_woods_river_04, uniq_grum, uniq_joseph
D:9:      layout_layer_cave, due_lair_maze_entry_diamond
D:10:     layout_gridville, nicolae_qazlal_style_of_elements, dk_vineyard_3,
          uniq_psyche
Temple:   eino_temple_rhombus
Lair:1:   layout_cave_shapes, chequers_serial_rivers_marsh

Skill      XL: |  1  2  3  4  5  6  7  8  9 10 11 |
---------------+----------------------------------+-----
Spellcasting   | 5 6 7 8 |  8.4
Invocations    | 1 2 3 4 5 6 7 |  7.2
Short Blades   | 1 2 3 4 5 6 |  6.6
Long Blades    | 1 2 3 4 5 6 |  6.6
Axes           | 1 2 3 4 5 6 |  6.6
Maces & Flails | 1 2 3 4 5 6 |  6.6
Polearms       | 1 2 3 4 5 6 |  6.6
Staves         | 1 2 3 4 5 6 |  6.6
Slings         | 1 2 3 4 5 6 |  6.6
Bows           | 1 2 3 4 5 6 |  6.6
Crossbows      | 1 2 3 4 5 6 |  6.6
Throwing       | 1 2 3 4 5 6 |  6.6
Armour         | 1 2 3 4 5 6 |  6.6
Stealth        | 1 2 3 4 5 6 |  6.6
Shields        | 1 2 3 4 5 6 |  6.6
Evocations     | 1 2 3 4 5 6 |  6.6
Conjurations   | 1 2 3 4 5 |  5.5
Hexes          | 1 2 3 4 5 |  5.5
Summonings     | 1 2 3 4 5 |  5.5
Necromancy     | 1 2 3 4 5 |  5.5
Translocations | 1 2 3 4 5 |  5.5
Fire Magic     | 1 2 3 4 5 |  5.5
Ice Magic      | 1 2 3 4 5 |  5.5
Air Magic      | 1 2 3 4 5 |  5.5
Earth Magic    | 1 2 3 4 5 |  5.5
Poison Magic   | 1 2 3 4 5 |  5.5
Fighting       | 3 4 5 6 7 |  7.1
Transmutations | 4 5 6 |  6.7
Dodging        | 5 6 7 8 |  8.1
Unarmed Combat | 7 8 9 |  9.4

Action                   |  1- 3 |  4- 6 |  7- 9 | 10-12 || total
-------------------------+-------+-------+-------+-------++-------
Melee: Unarmed           |    75 |    95 |   380 |   316 ||   866
       Kick              |     7 |    13 |     7 |     4 ||    31
       Headbutt          |     8 |     8 |     6 |     2 ||    24
       Bite              |     3 |     3 |     5 |     6 ||    17
       Punch             |       |     3 |     1 |     5 ||     9
 Cast: Beastly Appendage |    35 |    14 |    14 |    12 ||    75
       Spider Form       |       |     6 |    38 |    13 ||    57
       Wereblood         |       |     1 |     1 |     2 ||     4
       Ice Form          |       |       |       |    13 ||    13
       Stone Arrow       |       |       |       |     1 ||     1
Invok: Curse Item        |       |       |       |     4 ||     4
  Use: Potion            |     1 |       |     5 |    15 ||    21
       Scroll            |       |       |       |    14 ||    14
 Stab: Sleeping          |     1 |     1 |     1 |       ||     3
       Distracted        |       |       |       |     1 ||     1
Armor: Robe              |    16 |    12 |    15 |     7 ||    50
       Skin              |     8 |     2 |    22 |    61 ||    93
Dodge: Dodged            |    59 |    49 |   346 |   478 ||   932

Table legend: (Time is in decaauts)
 A = Elapsed time spent in this place.
 B = Non-inter-level travel time spent in this place.
 C = Inter-level travel time spent in this place.
 D = Time resting spent in this place.
 E = Time spent auto-exploring this place.
 F = Levels seen in this place.
 G = Mean time per level.
                   A        B        C        D        E       F      G
               +--------+--------+--------+--------+--------+-----+--------+
         Total |  13361 |  12988 |    373 |    639 |   9932 |  13 | 1027.8 |
       Dungeon |  11902 |  11563 |    339 |    639 |   9006 |  10 | 1190.2 |
        Temple |     85 |     51 |     34 |      0 |     43 |   1 |   85.0 |
          Lair |    805 |    805 |      0 |      0 |    593 |   1 |  805.0 |
         Sewer |    566 |    566 |      0 |      0 |    290 |   1 |  566.0 |
               +--------+--------+--------+--------+--------+-----+--------+

Top non-repeatable levels by time:
     D:3: 1530 daAuts
     D:9: 1504 daAuts
     D:6: 1344 daAuts
     D:1: 1339 daAuts
     D:5: 1230 daAuts
     D:2: 1214 daAuts
     D:7: 1191 daAuts
     D:4: 1166 daAuts
     D:8: 1076 daAuts
  Lair:1: 805 daAuts
   Sewer: 566 daAuts
    D:10: 302 daAuts
  Temple: 85 daAuts
